 Dungeon Crawl Stone Soup version 0.31-a0-845-g9abc20d24f (webtiles) character file.

Game seed: 17115127529534067606

1334 mcwallace the Trooper (level 8, -14/69 HPs)
             Began as a Green Draconian Ice Elementalist on Oct 1, 2023.
             Was a Follower of Cheibriados.
             Demolished by a two-headed ogre
             ... wielding a +0 giant club
              (18 damage)
             ... on level 8 of the Dungeon.
             The game lasted 00:14:10 (6827 turns).

mcwallace the Trooper (DrIE)                        Turns: 6827, Time: 00:14:11

Health: -14/69     AC: 13    Str: 13    XL:     8   Next: 34%
Magic:  0/24       EV: 14    Int: 21    God:    Cheibriados [*.....]
Gold:   422        SH:  0    Dex: 15    Spells: 10/17 levels left

rFire   . . .        d - +2 halberd (flame) {polearm}
rCold   . . .        (shield currently unavailable)
rNeg    . . .        (body armour unavailable)
rPois   +            (helmet restricted)
rElec   .            (no cloak)
rCorr   .            (no gloves)
SInv    .            (no boots)
Will    .....        i - amulet of guardian spirit
Stlth   ++           r - ring of magical power
HPRegen 0.31/turn    A - ring of poison resistance
MPRegen 0.19/turn

%: guardian spirit
@: ice-armoured, short of breath, freezing walls, very slow
A: breathe noxious fumes, AC +6, unfitting armour, poison resistance,
cold-blooded
a: Breathe Noxious Fumes, Renounce Religion, Bend Time


You were on level 8 of the Dungeon.
You worshipped Cheibriados.
Cheibriados was aware of your devotion.
You visited 2 branches of the dungeon, and saw 9 of its levels.

You collected 422 gold pieces.


Innate Abilities, Weirdness & Mutations

You can breathe blasts of noxious fumes.
Your lurid green scales are hard. (AC +6)
You cannot fit into any form of body armour.
Your system is resistant to poisons. (rPois)
You are cold-blooded and may be slowed by cold attacks.


   Skills:
 + Level 5.4 Fighting
 + Level 4.9 Dodging
 - Level 1.7 Stealth
 + Level 5.0 Spellcasting
 + Level 3.4 Translocations
 - Level 5.2 Ice Magic


You had 10 spell levels left.
You knew the following spells:

 Your Spells              Type           Power      Damage    Failure   Level
a - Freeze                Ice            100%       1d10      1%          1
b - Frozen Ramparts       Ice            54%        1d9       3%          3
c - Ozocubu's Armour      Ice            27%        N/A       3%          3

Your spell library contained the following spells:

 Spells                   Type           Power      Damage    Failure   Level
 Ensorcelled Hibernation  Hex/Ice        32%        N/A       5%          2
 Necrotise                Necr           20%        1d5       11%         1
 Passwall                 Tmut/Erth      4%         N/A       16%         2
 Manifold Assault         Tloc           19%        N/A       26%         4
 Swiftness                Air            5%         N/A       32%         3
 Vampiric Draining        Necr           5%         2d6       32%         3
 Summon Ice Beast         Ice/Summ       16%        N/A       36%         4
 Agony                    Necr           5%         N/A       96%         5
 Dispersal                Tloc           9%         N/A       99%         6
 Disjunction              Tloc           9%         N/A       100%        8

Inventory:

Hand Weapons
 c - a +0 club {mace}
   (You took it off a goblin on level 1 of the Dungeon)
 d - a +2 halberd of flaming (weapon) {polearm}
   (You took it off a gnoll on level 4 of the Dungeon)
 k - a +0 quarterstaff {staff}
   (You found it on level 1 of the Dungeon)
 t - a +0 club {mace}
   (You took it off a gnoll on level 4 of the Dungeon)
Missiles
 f - 2 javelins {throwing}
 g - 17 poisoned darts {throwing}
 h - 71 stones {throwing}
Jewellery
 i - an amulet of guardian spirit (around neck)
   (You found it on level 1 of the Dungeon)
 r - a ring of magical power (left hand)
   (You found it on level 3 of the Dungeon)
 u - a ring of fire
   (You found it on level 5 of the Dungeon)
 A - a ring of poison resistance (right hand)
   (You found it on level 5 of the Dungeon)
 E - a ring of fire
   (You found it on level 6 of the Dungeon)
Wands
 H - a wand of quicksilver (9)
   (You found it on level 7 of the Dungeon)
 I - a wand of flame (16)
   (You found it on level 7 of the Dungeon)
Scrolls
 e - a scroll of poison {!r}
 j - 3 scrolls of butterflies
 m - 2 scrolls of vulnerability {unknown}
 n - a scroll of silence {unknown}
 p - 3 scrolls of amnesia {unknown}
 q - 5 scrolls of teleportation {@r4}
 v - a scroll of fog {unknown}
 w - a scroll of revelation {unknown}
 y - 2 scrolls of identify {@r1}
 C - a scroll of enchant armour {unknown}
 D - 2 scrolls of fear {unknown}
 F - a scroll of brand weapon {unknown}
 G - a scroll of blinking {unknown}
Potions
 a - 2 potions of magic
 b - 3 potions of degeneration {!q@e2}
 l - a potion of haste {unknown}
 o - 8 potions of curing {@q1}
 s - 2 potions of ambrosia {unknown}
 x - 2 potions of heal wounds {unknown}
 z - 2 potions of cancellation {unknown}
 B - a potion of lignification {unknown}

Dungeon Overview and Level Annotations

Branches:
Dungeon (8/15) Zot: 40449  Temple (1/1) D:5 Zot: 8913
   Lair: D:8-11

Altars:
Ashenzari
Cheibriados
Dithmenos
Elyvilon
Fedhas
Gozag
Hepliaklqana
Kikubaaqudgha
Makhleb
Nemelex Xobeh
Okawaru
Qazlal
Sif Muna
Trog
Uskayaw
Vehumet
Wu Jian
Xom
Yredelemnul
Zin
The Shining One

..#..####...... #.
##....###........ #..
###<...###.........
#..#####.....###..........
#...#........##...........
#...........##............
............##............
...#........##............
## ####....@l.............
##..###O○............
#...# #..○○..........
#..## #....○○........ #..#
.............. ...#
#............. #..##
#............ #..#
.....##..... ...#


You could see a two-headed ogre and a wyvern.


Message History

a +0 flail of holy wrath {mace}; a +0 leather armour; an orc corpse
Things that are here:
a +0 trident {polearm}; a +0 ring mail You see here a +0 long sword {long}.
Found a stone staircase leading down.
There is a stone staircase leading down here.
There is a stone staircase leading down here.
I - a wand of flame (16)
Found a stone staircase leading up.
You see here a +0 shortbow {bow}.
Done exploring.
Done exploring.
There is a stone staircase leading down here.
You climb downwards.
There is a stone staircase leading up here.
A wyvern comes into view.
A two-headed ogre comes into view. It is wielding two +0 giant clubs.
The helpless wyvern fails to defend itself.
You hit the wyvern but do no damage.
The two-headed ogre shouts in stereo!
The wyvern bites you!
The wyvern closely misses you. 😕 HP[-13] MP[-4]
You take 13 damage, and now have 56/69 hp.
You lost 4 mp, and now have 20/24 mp.
You closely miss the wyvern.
The wyvern bites you but does no damage.
The wyvern barely misses you. 😕 HP[+1]
The wyvern closely misses you. The wyvern attacks as it pursues you!
The wyvern closely misses you. The wyvern bites you! 😮 HP[-11] MP[-4]
You take 11 damage, and now have 46/69 hp.
You lost 4 mp, and now have 16/24 mp.
The wyvern attacks as it pursues you! The wyvern barely misses you.
The wyvern closely misses you. 😮 MP[+1]
The wyvern misses you. 😮 HP[+1]
The wyvern bites you. The wyvern bites you! 😮 HP[-10] MP[-3]
You take 10 damage, and now have 37/69 hp.
You lost 3 mp, and now have 14/24 mp.
The wyvern misses you. 😮 MP[+1]
The wyvern closely misses you. 😮 HP[+1]
Casting: Ozocubu's Armour (dangerous; 3% risk of failure)
Confirm with . or Enter, or press ? or * to list all spells.
Casting: Frozen Ramparts (dangerous; 3% risk of failure)
Press: ? - help, Dir - look around, f - activate The walls around you are covered in ice.
The wall freezes the wyvern.
The wyvern closely misses you. 😮 MP[-3]
You lost 3 mp, and now have 12/24 mp.
Casting: Frozen Ramparts (dangerous; 3% risk of failure)
Confirm with . or Enter, or press ? or * to list all spells.
A film of ice covers your body!
The wall freezes the wyvern.
The wyvern bites you.
The wall freezes the two-headed ogre but does no damage.
The two-headed ogre misses you.
The two-headed ogre hits you with a +0 giant club!!
* * * LOW HITPOINT WARNING * * *
The wall freezes the wyvern.
The wyvern bites you.
* * * LOW HITPOINT WARNING * * *
😱 HP[-21] MP[-8]
You take 21 damage, and now have 17/69 hp.
MASSIVE DAMAGE!! (PAUSE)
You lost 8 mp, and now have 4/24 mp.
Aiming: Breathe Noxious Fumes (4% risk of failure)
Press: ? - help, Shift-Dir - straight line You exhale a blast of noxious fumes.
The blast of choking fumes hits the two-headed ogre.
The wall freezes the wyvern.
The wyvern barely misses you.
The two-headed ogre is engulfed in noxious fumes.
The wall freezes the two-headed ogre but does no damage.
The two-headed ogre barely misses you. x2 😨 HP[+1]
Aiming: Freeze (safe; 1% risk of failure)
Press: ? - help, Q - select action, (/) - cycle Shift-Dir - straight line, f - wyvern
Aim: a wyvern (moderately wounded)
You freeze the wyvern.
The wall freezes the wyvern.
The wyvern bites you.
* * * LOW HITPOINT WARNING * * *
The wall freezes the wyvern but does no damage.
The wyvern bites you.
* * * LOW HITPOINT WARNING * * *
😱 HP[-9] MP[-2]
You take 9 damage, and now have 9/69 hp.
You lost 2 mp, and now have 2/24 mp.
Aiming: Freeze (safe; 1% risk of failure)
Press: ? - help, Q - select action, (/) - cycle Shift-Dir - straight line, f/p - wyvern
Aim: a wyvern (severely wounded)
You freeze the wyvern.
The wall freezes the wyvern.
The wyvern bites you.
* * * LOW HITPOINT WARNING * * *
The two-headed ogre is engulfed in noxious fumes.
The wall freezes the two-headed ogre!
The two-headed ogre misses you.
The two-headed ogre hits you with a +0 giant club!!
You die...

Skill      XL: |  1  2  3  4  5  6  7  8 |
---------------+-------------------------+-----
Dodging        | 2 3 4 |  4.9
Fighting       | 1 2 3 4 5 |  5.4
Spellcasting   | 3 4 5 |  5.0
Ice Magic      | 5 |  5.2
Translocations | 2 3 |  3.4
Stealth        | |  1.7

Action                     |  1- 3 |  4- 6 |  7- 9 || total
---------------------------+-------+-------+-------++-------
  Melee: Club              |    10 |       |       ||    10
         Unarmed           |     3 |       |       ||     3
         Punch             |     1 |       |       ||     1
         Quarterstaff      |    81 |    78 |       ||   159
         Tailslap          |    10 |    18 |    13 ||    41
         Halberd           |       |    54 |    92 ||   146
  Throw: Dart              |       |     3 |       ||     3
         Javelin           |       |     2 |       ||     2
   Cast: Freeze            |    22 |    12 |     2 ||    36
         Frozen Ramparts   |       |     6 |     5 ||    11
         Ozocubu's Armour  |       |     3 |     5 ||     8
Ability: Breathe Noxious F |       |       |     2 ||     2
    Use: Scroll            |       |     5 |       ||     5
   Stab: Sleeping          |     6 |     4 |     3 ||    13
         Confused          |       |       |     1 ||     1
 Armour: Skin              |    65 |    96 |   111 ||   272
  Dodge: Dodged            |    61 |   113 |    99 ||   273

Levels and vault maps discovered:
D:1:      matt_arrival_refuge, layout_basic,
          hellmonk_ecumenical_altar_slurped_away
D:2:      layout_rooms, serial_corexii_hall, chequers_hall_statues_wall_a,
          corexii_hall_statues_x
D:3:      layout_loops_ring, mainiacjoe_overflow_large_starburst,
          minmay_misc_feat_room, minmay_crystal_water,
          minmay_fractal_squares_diagonal_5, uniq_jessica
D:4:      layout_basic, nicolae_ossuary_entry_monument, nicolae_grassy_gnolls
D:5:      layout_loops_ring, minmay_temple_entry_enclosed_plants, uniq_edmund
D:6:      layout_rooms, mainiacjoe_overflow_alcove_2, chequers_arboretum,
          eino_tiny_chamber, kennysheep_flooded_box
D:7:      layout_loops_ring, nicolae_underground_beach
D:8:      layout_layer_cave, nicolae_ru_awakened_eye
Temple:   compressed_dpeg_circular_temple

Notes
Turn   | Place    | Note
-------+----------+-------------------------------------------
     0 | D:1      | mcwallace the Draconian Ice Elementalist began the quest
                  | for the Orb.
     0 | D:1      | Reached XP level 1. HP: 14/14 MP: 3/3
     0 | D:1      | magus.rc [v1.9.6]
   536 | D:1      | Found a faded altar of an unknown god.
   541 | D:1      | Reached skill level 2 in Dodging
   541 | D:1      | Reached XP level 2. HP: 17/22 MP: 1/5
   746 | D:1      | Reached skill level 1 in Fighting
  1259 | D:2      | Reached XP level 3. HP: 27/28 MP: 3/6
  1277 | D:1      | Learned a level 3 spell: Frozen Ramparts
  1965 | D:2      | Reached XP level 4. HP: 31/36 MP: 5/7
  2376 | D:3      | Reached skill level 2 in Fighting
  2455 | D:3      | Learned a level 3 spell: Ozocubu's Armour
  2600 | D:3      | Found a shimmering blue altar of Sif Muna.
  2605 | D:3      | Found a stormy altar of Qazlal.
  2717 | D:3      | You pick up a book of Necromancy and begin reading...
  2717 | D:3      | You add the spells Necrotise, Vampiric Draining and Agony
                  | to your library.
  2825 | D:3      | Noticed Jessica
  2830 | D:3      | Killed Jessica
  2831 | D:3      | Reached XP level 5. HP: 42/42 MP: 9/9
  2962 | D:3      | Reached skill level 3 in Spellcasting
  3287 | D:4      | Reached skill level 3 in Dodging
  3921 | D:5      | Entered Level 5 of the Dungeon
  3944 | D:5      | Reached skill level 3 in Fighting
  3944 | D:5      | Reached XP level 6. HP: 44/51 MP: 10/10
  4090 | D:5      | Found a staircase to the Ecumenical Temple.
  4096 | Temple   | Entered the Ecumenical Temple
  4127 | Temple   | Became a worshipper of Cheibriados the Contemplative
  4212 | D:5      | Noticed Edmund
  4221 | D:5      | Reached skill level 5 in Ice Magic
  4230 | D:5      | Killed Edmund
  4422 | D:5      | You pick up a book of Burglary and begin reading...
  4422 | D:5      | You add the spells Passwall, Ensorcelled Hibernation and
                  | Swiftness to your library.
  4498 | D:5      | You pick up a book of the Warp and begin reading...
  4498 | D:5      | You add the spells Manifold Assault, Dispersal and
                  | Disjunction to your library.
  4806 | D:4      | Your scales start taking on a lurid green colour.
  4806 | D:4      | Reached XP level 7. HP: 58/58 MP: 12/12
  4806 | D:4      | Gained mutation: Your system is resistant to poisons.
                  | (rPois) [Green Draconian growth]
  5101 | D:6      | Reached skill level 1 in Translocations
  5169 | D:6      | Reached skill level 4 in Fighting
  5169 | D:6      | Reached skill level 4 in Spellcasting
  5190 | D:6      | HP: 14/59 [orc priest/nerve-wracking pain (2)]
  5192 | D:6      | Reached skill level 4 in Dodging
  5473 | D:6      | Reached * piety under Cheibriados
  5615 | D:6      | Found an opulent altar of Gozag.
  5931 | D:7      | Noticed a wraith
  5954 | D:7      | Killed a wraith
  5955 | D:7      | Reached skill level 2 in Translocations
  6127 | D:7      | HP: 15/60 [centaur/arrow (6)]
  6131 | D:7      | Reached XP level 8. HP: 12/67 MP: 4/15
  6134 | D:7      | Reached skill level 5 in Fighting
  6134 | D:7      | Reached skill level 3 in Translocations
  6506 | D:7      | Reached skill level 5 in Spellcasting
  6813 | D:8      | Noticed a two-headed ogre
  6824 | D:8      | HP: 17/69 [wyvern (3)]
  6827 | D:8      | HP: 4/69 [wyvern (5)]
  6827 | D:8      | Demolished by a two-headed ogre

Vanquished Creatures
  A wraith (D:7)
  Edmund (D:5)
  An acid dragon (D:7)
  A centaur (D:7)
  A phantom (D:7)
  A bullfrog (D:7)
  4 hounds
  A jelly (D:6)
  2 orc priests (D:6)
  A gnoll bouda (D:4)
  Jessica (D:3)
  5 iguanas
  5 orc wizards
  3 gnolls (D:4)
  6 adders
  A shadow imp (D:6)
  A white imp (D:5)
  4 worms
  4 dart slugs
  14 orcs
  7 endoplasms
  2 giant cockroaches (D:2)
  5 goblins
  8 hobgoblins
  7 jackals
  9 quokkas
  5 ball pythons
  6 bats
  A frilled lizard (D:3)
  7 kobolds
  6 rats
121 creatures vanquished.

Table legend:
 A = Non-vault XP
 B = Vault XP
 C = Vault XP percentage of total XP
 D = Non-vault monster count
 E = Vault monster count
 F = Vault count percentage of total count
                 A         B        C        D         E       F
            +---------+---------+-------+---------+---------+-------
      Total |    1577 |     329 |  17.3 |     108 |      13 |  10.7
            +---------+---------+-------+---------+---------+-------
        D:1 |      33 |       2 |   5.7 |      21 |       1 |   4.5
        D:2 |      72 |       0 |   0.0 |      29 |       0 |   0.0
        D:3 |      37 |      70 |  65.4 |      12 |       7 |  36.8
        D:4 |      71 |      81 |  53.3 |       7 |       4 |  36.4
        D:5 |     197 |     176 |  47.2 |      11 |       1 |   8.3
        D:6 |     337 |       0 |   0.0 |      15 |       0 |   0.0
        D:7 |     830 |       0 |   0.0 |      13 |       0 |   0.0
            +---------+---------+-------+---------+---------+-------

Skill      XL: |  1  2  3  4  5  6  7  8 |
---------------+-------------------------+-----
Dodging        | 2 3 4 |  4.9
Fighting       | 1 2 3 4 5 |  5.4
Spellcasting   | 3 4 5 |  5.0
Ice Magic      | 5 |  5.2
Translocations | 2 3 |  3.4
Stealth        | |  1.7

Action                     |  1- 3 |  4- 6 |  7- 9 || total
---------------------------+-------+-------+-------++-------
  Melee: Club              |    10 |       |       ||    10
         Unarmed           |     3 |       |       ||     3
         Punch             |     1 |       |       ||     1
         Quarterstaff      |    81 |    78 |       ||   159
         Tailslap          |    10 |    18 |    13 ||    41
         Halberd           |       |    54 |    92 ||   146
  Throw: Dart              |       |     3 |       ||     3
         Javelin           |       |     2 |       ||     2
   Cast: Freeze            |    22 |    12 |     2 ||    36
         Frozen Ramparts   |       |     6 |     5 ||    11
         Ozocubu's Armour  |       |     3 |     5 ||     8
Ability: Breathe Noxious F |       |       |     2 ||     2
    Use: Scroll            |       |     5 |       ||     5
   Stab: Sleeping          |     6 |     4 |     3 ||    13
         Confused          |       |       |     1 ||     1
 Armour: Skin              |    65 |    96 |   111 ||   272
  Dodge: Dodged            |    61 |   113 |    99 ||   273

Illustrated notes

Table legend:
 A = Kills in this place as a percentage of kills in the entire game.
 B = Kills by you in this place as a percentage of kills by you in the entire game.
 C = Kills by friends in this place as a percentage of kills by friends in the entire game.
 D = Other kills in this place as a percentage of other kills in the entire game.
 E = Experience gained in this place as a percentage of experience gained in the entire game.
 F = Experience gained in this place divided by the number of levels of this place that you have seen.
                   A       B       C       D       E      F
               +-------+-------+-------+-------+-------+----------------------
         Total | 100.0 | 100.0 |   N/A |   N/A | 100.0 | 211.8
       Dungeon | 100.0 | 100.0 |   N/A |   N/A | 100.0 | 238.2
               +-------+-------+-------+-------+-------+----------------------

Table legend: (Time is in decaauts)
 A = Elapsed time spent in this place.
 B = Non-inter-level travel time spent in this place.
 C = Inter-level travel time spent in this place.
 D = Time resting spent in this place.
 E = Time spent auto-exploring this place.
 F = Levels seen in this place.
 G = Mean time per level.
                   A        B        C        D        E       F      G
               +--------+--------+--------+--------+--------+-----+--------+
         Total |   7604 |   7040 |    564 |    283 |   5309 |   9 |  844.9 |
       Dungeon |   7533 |   7007 |    526 |    283 |   5309 |   8 |  941.6 |
        Temple |     71 |     33 |     38 |      0 |      0 |   1 |   71.0 |
               +--------+--------+--------+--------+--------+-----+--------+

Top non-repeatable levels by time:
     D:1: 1374 daAuts
     D:7: 1250 daAuts
     D:5: 1106 daAuts
     D:3: 1085 daAuts
     D:4: 909 daAuts
     D:6: 901 daAuts
     D:2: 855 daAuts
  Temple: 71 daAuts
     D:8: 48 daAuts
